 Dungeon Crawl Stone Soup version 0.29.1-15-g9cfb28693d (webtiles) character file.

Game seed: 13262931070300872036

87 Descartes the Ducker (level 4, -1/19 HPs)
             Began as a Felid Transmuter on Apr 4, 2023.
             Slain by a hound (4 damage)
             ... on level 4 of the Dungeon.
             The game lasted 00:05:26 (3485 turns).

Descartes the Ducker (Felid Transmuter)             Turns: 3485, Time: 00:05:26

Health: -1/19      AC:  1    Str:  8    XL:     4   Next: 28%
Magic:  8/8        EV: 19    Int: 14    God:
Gold:   164        SH:  0    Dex: 16    Spells: 4/7 levels left
                                        Lives:  0   Deaths: 1

rFire   + . .      SeeInvis +     - Unarmed
rCold   . . .      Faith    .   (shield unavailable)
rNeg    + . .      Spirit   .   (body armour unavailable)
rPois   .          Reflect  .   (helmet unavailable)
rElec   .          Harm     .   (cloak unavailable)
rCorr   .          Rampage  .   (gloves unavailable)
Will    .....                   (boots unavailable)
Stlth   +.........              (no amulet)
HPRegen 0.06/turn               d - ring of protection from fire
MPRegen 0.11/turn               b - ring of positive energy

@: appendages, quick
A: horns 2, very small, claws 1, fangs 3, see invisible, speed 1, shaggy fur 1,
stealthy paws, no weapons or thrown items, no armour, multi-lived
a: End Transformation


You were on level 4 of the Dungeon.
You had temporarily grown beastly horns.
You visited 1 branch of the dungeon, and saw 4 of its levels.

You collected 164 gold pieces.

Inventory:

Jewellery
 b - a ring of positive energy (right paw)
 d - a ring of protection from fire (left paw)
 e - a ring of flight
Scrolls
 h - 4 scrolls of identify {unknown}
 j - 2 scrolls of teleportation {unknown}
 l - a scroll of enchant weapon {unknown}
 m - a scroll of vulnerability {unknown}
 o - a scroll of butterflies {unknown}
Potions
 a - 3 potions of lignification
 c - 2 potions of magic
 f - a potion of curing {unknown}
 g - a potion of invisibility {unknown}
 i - a potion of haste {unknown}
 k - a potion of brilliance
 n - a potion of might {unknown}
 p - a potion of degeneration {unknown}


   Skills:
 - Level 1.0 Fighting
 + Level 4.5 Dodging
 + Level 4.1 Unarmed Combat
 - Level 2.0 Spellcasting
 + Level 3.8 Transmutations


You had 4 spell levels left.
You knew the following spells:

 Your Spells              Type           Power      Damage    Failure   Level
a - Beastly Appendage     Tmut           24%        N/A       4%          1
b - Wereblood             Tmut           12%        N/A       8%          2

Your spell library contained the following spells:

 Spells                   Type           Power      Damage    Failure   Level
 Apportation              Tloc           2%         N/A       24%         1
 Necrotise                Necr           4%         1d4       24%         1
 Summon Small Mammal      Summ           4%         N/A       24%         1
 Spider Form              Tmut/Pois      6%         N/A       32%         3
 Sublimation of Blood     Necr           1%         N/A       34%         2
 Ice Form                 Ice/Tmut       6%         N/A       73%         4
 Petrify                  Tmut/Erth      6%         N/A       73%         4
 Irradiate                Conj/Tmut      3%         3d12      97%         5


Dungeon Overview and Level Annotations

Branches:
Dungeon (4/15)
 Temple: D:4-7

Altars:
Nemelex Xobeh

Shops:
D:3 (   D:4 ((


Innate Abilities, Weirdness & Mutations

You have temporarily grown beastly horns.
You have sharp claws.
You have razor-sharp teeth.
You have supernaturally acute eyesight. (SInv)
You cover ground quickly. (Speed+)
You are covered in fur. (AC +1)
Your paws help you pounce on unaware monsters.
You are incapable of wielding weapons or throwing items.
You cannot wear armour.
You gain extra lives every three experience levels.


Message History

Your horns disappear.
A hound comes into view.
Casting: Beastly Appendage (safe; 4% risk of failure)
Confirm with . or Enter, or press ? or * to list all spells.
You grow a pair of large bovine horns.
The hound barks!
The hound barely misses you.
You scratch the hound.
The hound is moderately wounded.
The hound misses you.
You miss the hound.
The hound is moderately wounded.
The hound bites you.
You scratch the hound but do no damage.
The hound is moderately wounded.
The hound completely misses you. The hound bites you.
You scratch the hound but do no damage.
The hound is moderately wounded.
The hound closely misses you.
You barely miss the hound. You bite the hound, but do no damage.
The hound is moderately wounded.
The hound bites you.
* * * LOW HITPOINT WARNING * * *
The hound bites you.
* * * LOW HITPOINT WARNING * * *
You are too injured to fight recklessly!
You are too injured to fight recklessly!
You are too injured to fight recklessly!
You are too injured to fight recklessly!
You are too injured to fight recklessly!
You are too injured to fight recklessly!
You are too injured to fight recklessly!
You are too injured to fight recklessly!
You are too injured to fight recklessly!
You are too injured to fight recklessly!
You are too injured to fight recklessly!
You are too injured to fight recklessly!
Unknown command.
The hound attacks as you move away! The hound bites you.
You die...

...####.........##............#
o...............###......∩....#
.....#..........###..)........#
o(..............#...........###
................#.......†...#
................#...........#
............................#####
.................................
....#.##...###..@................
#####.####...#..h................
....####...#...................
...........+...................
.#......####...................
..........##.........##.#+#####
##......#......##.......#
##.....o.................
.......†<................


You could see a hound.

Vanquished Creatures
  2 orc wizards (D:4)
  4 adders
  A worm (D:2)
  A dart slug (D:1)
  8 orcs
  7 bats
  7 endoplasms
  3 giant cockroaches
  4 goblins (D:1)
  2 hobgoblins
  2 kobolds
  2 quokkas
  4 ball pythons
  2 frilled lizards
  2 rats (D:2)
51 creatures vanquished.

Notes
Turn   | Place    | Note
-------+----------+-------------------------------------------
     0 | D:1      | Descartes the Felid Transmuter began the quest for the Orb.
     0 | D:1      | Reached XP level 1. HP: 9/9 MP: 4/4
   298 | D:1      | Reached XP level 2. HP: 12/12 MP: 4/6
   707 | D:1      | Found a faded altar of an unknown god.
  1101 | D:1      | Reached XP level 3. HP: 9/15 MP: 5/7
  2364 | D:3      | Reached XP level 4. HP: 19/19 MP: 6/8
  2364 | D:3      | Identified the +1 robe of Boredom {rElec Dex+6 Slay-4}
  2426 | D:3      | Found a sparkling altar of Nemelex Xobeh.
  2745 | D:3      | Found Daero's Weapon Boutique.
  3307 | D:3      | Learned a level 2 spell: Wereblood
  3327 | D:4      | Killed from afar by an orc wizard
  3328 | D:4      | Reached XP level 3. HP: -4/15 MP: 7/7
  3328 | D:4      | Found Heager's Antique Weapon Boutique.
  3334 | D:4      | Found Affug's Antique Weapon Shoppe.
  3350 | D:4      | Reached XP level 4. HP: 15/19 MP: 8/8
  3485 | D:4      | Slain by a hound

Illustrated notes

Levels and vault maps discovered:
D:1:      lightli_arrival_noodles, layout_loops_cross,
          dreamdust_ecumenical_altar_angels_and_demons, st_stairs_5,
          wad_floor_pattern_untrapped, chequers_hall_statues_y
D:2:      layout_rooms
D:3:      layout_rooms, lemuel_round_altar, serial_shops,
          nicolae_shop_behind_doors
D:4:      layout_basic, serial_shops, shop_statue, shop, shop, kennysheep_mini,
          shop

Skill      XL: |  1  2  3  4 |
---------------+-------------+-----
Dodging        | 3 4 |  4.5
Transmutations | 3 |  3.8
Unarmed Combat | 4 |  4.1
Fighting       | |  1.0
Spellcasting   | |  2.0

Action                   |  1- 3 |  4- 6 || total
-------------------------+-------+-------++-------
Melee: Unarmed           |    87 |    51 ||   138
       Headbutt          |    15 |     8 ||    23
       Bite              |     7 |     3 ||    10
       Punch             |     1 |     2 ||     3
 Cast: Beastly Appendage |    28 |    10 ||    38
  Use: Potion            |       |     2 ||     2
 Stab: Sleeping          |     5 |       ||     5
Armor: Skin              |     3 |     1 ||     4
Dodge: Dodged            |    71 |    33 ||   104
